 Dungeon Crawl Stone Soup version 0.26-a0-720-g2a1d101370 (webtiles) character file.

Game seed: 3872962956138995587

973 lunkers the Spear-Bearer (level 8, -5/62 HPs)
             Began as a Merfolk Gladiator on Nov 3, 2020.
             Was an Initiate of Gozag.
             Slain by Pikel
             ... wielding a +0 whip of electrocution
              (18 damage)
             ... on level 5 of the Dungeon.
             The game lasted 00:06:12 (5477 turns).

lunkers the Spear-Bearer (Merfolk Gladiator)        Turns: 5477, Time: 00:06:12

Health: -5/62      AC: 10    Str: 14    XL:     8   Next: 16%
Magic:  8/8        EV: 13    Int:  7    God:    Gozag
Gold:   523        SH:  0    Dex: 18    Spells: 7/7 levels left

rFire    + . .     SeeInvis .   a - +1 trident
rCold    . . .     Faith    .   (no shield)
rNeg     . . .     Spirit   .   f - +0 scale mail
rPois    .         Reflect  .   c - +0 helmet
rElec    .         Harm     .   i - +0 cloak
rCorr    .         Rampage  .   e - +0 pair of gloves
MR       .....                  r - +0 pair of boots
Stlth    ..........             m - amulet of inaccuracy (curse)
HPRegen  0.20/turn              n - ring of protection from fire
MPRegen  0.11/turn              (no ring)

@: studying Transmutations
A: change form in water, swift swim, stealthy swim
a: Potion Petition, Call Merchant, Bribe Branch, Renounce Religion


You were on level 5 of the Dungeon.
You worshipped Gozag.
Gozag was pleased with you.
You visited 1 branch of the dungeon, and saw 6 of its levels.

You collected 569 gold pieces.
You paid 46 gold pieces to Gozag.

Inventory:

Hand Weapons
 a - a +1 trident (weapon)
Missiles
 d - 3 throwing nets {=f}
Armour
 b - a +0 leather armour
 c - a +0 helmet (worn)
 e - a +0 pair of gloves (worn)
 f - a +0 scale mail (worn)
 i - a +0 cloak (worn)
 r - a +0 pair of boots (worn)
Jewellery
 m - a cursed amulet of inaccuracy (around neck)
 n - a ring of protection from fire (left hand)
Scrolls
 k - a scroll of blinking
 t - a scroll of magic mapping {unknown}
 u - a scroll of enchant armour {unknown}
 v - a scroll of remove curse
 w - 2 scrolls of identify
 x - a scroll of summoning {unknown}
Potions
 g - 2 potions of mutation
 h - a potion of brilliance
 j - a potion of degeneration {unknown}
 l - 2 potions of curing {unknown}
 o - 2 potions of magic {unknown}
 p - a potion of invisibility {unknown}
 q - a potion of haste {unknown}
Books
 s - a manual of Transmutations


   Skills:
 + Level 5.3 Fighting
 * Level 10.2 Polearms
 - Level 2.0 Throwing
 + Level 7.2 Dodging


You had 7 spell levels left.
You didn't know any spells.
Your spell library contained the following spells:

 Spells                   Type           Power        Failure   Level
 Magic Dart               Conj           #...         91%         1
 Searing Ray              Conj           #.....       97%         2
 Dazzling Flash           Conj/Hex       #.....       99%         3
 Fulminant Prism          Conj/Hex       #.........   100%        4
 Iskenderun's Mystic Bla  Conj/Tloc      #.......     100%        4


Dungeon Overview and Level Annotations

Branches:
Dungeon (6/15)
 Temple: D:4-7

Altars:
Fedhas
Gozag
Makhleb
Nemelex Xobeh
Sif Muna
The Shining One

Shops:
D:5 (

Annotations:
D:2 Sigmund
D:5 Pikel


Message History

Pikel hits you but does no damage.
You hit Pikel.
Pikel is severely wounded.
You hit Pikel.
Pikel is severely wounded.
Pikel hits you but does no damage.
You are electrocuted!
* * * LOW HITPOINT WARNING * * *
You closely miss Pikel.
Pikel is severely wounded.
Pikel hits you with a +0 whip of electrocution.
* * * LOW HITPOINT WARNING * * *
You closely miss Pikel.
Pikel is severely wounded.
Pikel hits you but does no damage.
You are electrocuted!
* * * LOW HITPOINT WARNING * * *
You miss Pikel.
Pikel is severely wounded.
Pikel hits you but does no damage.
You are electrocuted!!
You die...
Your body crumbles into a pile of gold.

##.......>.#.##...............
###.#........................
#.#..###...................
###........................
##.....##..##....##..#..(.
##.......#....#.##....#....
#...........)######...#...#
#............# ##.####..
#...#....K@.## ##..###..#
##.###......# #....#..##
###........# #.......#
###..##..# ###..<### #.###.##
##### ### ###


You could see Pikel.

Vanquished Creatures
  An ice beast (D:4)
  3 ogres
  A centaur (D:4)
  3 lemures
  A scorpion (D:5)
  2 hounds (D:4)
  A jelly (D:5)
  3 orc priests
  2 bullfrog skeletons
  2 iguanas (D:4)
  A worker ant (D:4)
  A gnoll (D:1)
  10 adders
  A white imp (D:4)
  2 oozes
  2 adder skeletons (D:4)
  A worm (D:3)
  A dart slug (D:1)
  A leopard gecko (D:4)
  10 orcs
  3 bats
  7 giant cockroaches
  3 goblins
  5 hobgoblins
  2 jackals (D:3)
  4 kobolds
  A quokka (D:4)
  4 frilled lizards
  3 rats
81 creatures vanquished.

Notes
Turn   | Place    | Note
-------+----------+-------------------------------------------
     0 | D:1      | lunkers the Merfolk Gladiator began the quest for the Orb.
     0 | D:1      | Reached XP level 1. HP: 16/16 MP: 1/1
   351 | D:1      | Reached XP level 2. HP: 23/23 MP: 2/2
   459 | D:1      | Reached skill level 5 in Polearms
   620 | D:1      | Reached XP level 3. HP: 16/28 MP: 3/3
  1215 | D:2      | Found a sparkling altar of Nemelex Xobeh.
  1237 | D:2      | Reached XP level 4. HP: 24/34 MP: 4/4
  1323 | D:2      | Noticed Sigmund
  1550 | D:2      | Reached skill level 6 in Polearms
  1573 | D:3      | Reached skill level 5 in Dodging
  1573 | D:3      | Reached XP level 5. HP: 13/41 MP: 5/5
  1861 | D:3      | Found an opulent altar of Gozag.
  1931 | D:3      | Became a worshipper of Gozag Ym Sagoz the Greedy
  2179 | D:3      | Found a blossoming altar of Fedhas.
  2292 | D:3      | Found a shimmering blue altar of Sif Muna.
  2361 | D:4      | Reached skill level 7 in Polearms
  2506 | D:4      | Found a burning altar of Makhleb.
  2506 | D:4      | Noticed an ogre
  2518 | D:4      | Killed an ogre
  2518 | D:4      | Reached XP level 6. HP: 19/48 MP: 6/6
  2797 | D:4      | Reached skill level 8 in Polearms
  3576 | D:5      | Entered Level 5 of the Dungeon
  3613 | D:5      | Reached XP level 7. HP: 47/54 MP: 7/7
  3744 | D:4      | Identified the cursed +0 trident of Animal Spirits {pain,
                  | Dex+4}
  3947 | D:5      | Reached skill level 9 in Polearms
  4429 | D:4      | Reached skill level 5 in Fighting
  4638 | D:5      | Reached XP level 8. HP: 57/62 MP: 8/8
  4707 | D:5      | Reached skill level 10 in Polearms
  4865 | D:5      | Found Saen Vod's Weapon Boutique.
  5155 | D:6      | Found a glowing golden altar of the Shining One.
  5157 | D:6      | Noticed Pikel
  5477 | D:5      | Slain by Pikel

Illustrated notes

Levels and vault maps discovered:
D:1:      mushboom_english_gardens, layout_basic
D:2:      layout_basic, overflow_temple_1_default, okawaru_ov_weapons_minmay,
          uniq_sigmund
D:3:      layout_rooms, led_sif_pool, fedhas_altar_4, lemuel_doored_altar
D:4:      layout_cave_pods, bloody_makhleb, minmay_manual_mandibuliform
D:5:      layout_cave_pools, serial_shops, shop
D:6:      layout_rooms, lightli_temple_of_fire, lemuel_crystal_altar,
          serial_shops, nicolae_shop_waterfront, uniq_crazy_yiuf_cottage,
          uniq_pikel

Skill      XL: |  1  2  3  4  5  6  7  8 |
---------------+-------------------------+-----
Polearms       | 5 6 7 8 9 10 | 10.2
Fighting       | 3 4 5 |  5.3
Dodging        | 5 6 7 |  7.2
Throwing       | |  2.0

Action                   |  1- 3 |  4- 6 |  7- 9 || total
-------------------------+-------+-------+-------++-------
Melee: Trident           |    88 |   203 |   178 ||   469
  Use: Scroll            |       |     6 |     1 ||     7
Armor: Scale mail        |    20 |    59 |    69 ||   148
       Leather armour    |     3 |       |       ||     3
Dodge: Dodged            |    43 |   105 |   111 ||   259

Table legend: (Time is in decaauts)
 A = Elapsed time spent in this place.
 B = Non-inter-level travel time spent in this place.
 C = Inter-level travel time spent in this place.
 D = Time resting spent in this place.
 E = Time spent auto-exploring this place.
 F = Levels seen in this place.
 G = Mean time per level.
                   A        B        C        D        E       F      G
               +--------+--------+--------+--------+--------+-----+--------+
         Total |   5444 |   5274 |    170 |    945 |   3486 |   6 |  907.3 |
       Dungeon |   5444 |   5274 |    170 |    945 |   3486 |   6 |  907.3 |
               +--------+--------+--------+--------+--------+-----+--------+

Top non-repeatable levels by time:
     D:4: 2049 daAuts
     D:1: 1077 daAuts
     D:5: 1029 daAuts
     D:3: 759 daAuts
     D:2: 486 daAuts
     D:6: 42 daAuts
